 Dungeon Crawl Stone Soup version 0.23.0 (webtiles) character file.

Game seed: 5975609376175232659

98 Morgius the Magician (level 4, -5/30 HPs)
             Began as a Demonspawn Wizard on Feb 18, 2019.
             Killed from afar by an orc wizard (7 damage)
             ... with a puff of flame
             ... on level 2 of the Dungeon.
             The game lasted 00:07:29 (3292 turns).

Morgius the Magician (Demonspawn Wizard)            Turns: 3292, Time: 00:07:29

Health: -5/30      AC:  4    Str:  7    XL:     4   Next: 44%
Magic:  1/9        EV: 12    Int: 23    God:
Gold:   107        SH:  0    Dex: 11    Spells: 3/10 levels left

rFire    . . .     SeeInvis .   f - +0 short sword
rCold    . . .     Gourm    .   (no shield)
rNeg     . . .     Faith    .   a - +0 robe
rPois    .         Spirit   .   h - +0 helmet
rElec    .         Reflect  .   (no cloak)
rCorr    .         Harm     .   g - +0 pair of gloves
MR       .....     Rnd*Tele +   (no boots)
Stlth    +++.......             (no amulet)
HPRegen  0.10/turn              k - +2 ring of intelligence
MPRegen  0.11/turn              c - ring of teleportation (curse)

@: no status effects
A: talons 1, nightstalker 1, powered by death 1
a: no special abilities


You were on level 2 of the Dungeon.
You were not hungry.

You visited 1 branch of the dungeon, and saw 3 of its levels.

You collected 107 gold pieces.

Inventory:

Hand Weapons
 f - a +0 short sword (weapon)
Missiles
 i - 27 poisoned needles
Armour
 a - a +0 robe (worn)
 g - a +0 pair of gloves (worn)
 h - a +0 helmet (worn)
Jewellery
 c - a cursed ring of teleportation (right hand)
 k - a +2 ring of intelligence (left hand)
 u - a +5 ring of evasion {unknown}
Wands
 m - a wand of digging (6)
Scrolls
 b - a scroll of amnesia {unknown}
 n - a scroll of identify {unknown}
 o - a scroll of magic mapping
 p - a scroll of immolation {unknown}
Potions
 e - a potion of berserk rage {unknown}
 j - a potion of resistance {unknown}
 l - 4 potions of curing {unknown}
 q - a potion of heal wounds {unknown}
 r - a potion of haste {unknown}
 t - a potion of flight {unknown}
Comestibles
 d - 6 rations
 s - a chunk of flesh


   Skills:
 - Level 1.9 Dodging
 - Level 2.0 Stealth
 + Level 3.8 Spellcasting
 * Level 3.2 Conjurations
   Level 1.0 Summonings
   Level 0.8 Translocations


You had 3 spell levels left.
You knew the following spells:

 Your Spells              Type           Power        Failure   Level  Hunger
a - Magic Dart            Conj           ###.         2%          1    None
b - Conjure Flame         Conj/Fire      ##......     16%         3    ###....
c - Mephitic Cloud        Conj/Pois/Air  #.......     21%         3    ###....

Your spell library contained the following spells:

 Spells                   Type           Power        Failure   Level  Hunger
 Call Imp                 Summ           #.......     11%         2    #......
 Blink                    Tloc           N/A          12%         2    #......
 Slow                     Hex            #.......     16%         2    #......


Dungeon Overview and Level Annotations

Branches:
Dungeon (3/15)

Altars:


Innate Abilities, Weirdness & Mutations

You have sharp toenails.
You are slightly more attuned to the shadows.
You regenerate a little health from kills.


Message History

The orc wizard is almost dead.
The orc wizard hits you with a +0 dagger.
* * * LOW HITPOINT WARNING * * *
You barely miss the orc wizard.
The orc wizard is almost dead.
The orc wizard hits you but does no damage.
The orc wizard barely misses you.
You barely miss the orc wizard.
The orc wizard is almost dead.
The orc wizard hits you with a +0 dagger.
* * * LOW HITPOINT WARNING * * *
The orc wizard barely misses you.
You barely miss the orc wizard.
The orc wizard is almost dead.
The orc wizard closely misses you.
You hit the orc wizard but do no damage.
The orc wizard is almost dead.
The orc wizard casts a spell at you. The puff of flame hits you!
You die...

#......÷..# #.......# #.....
#.###.###.# ####.#### ####.#
#.# #.# #.# #.# #...# #.# #.#
#.# ##'## #.### #.###.# #.#
##...## #.# #.##..# #.#
##.....## #.## ####'######
##.......## #..##
#...##...####.........####...#
#.###..#.#..o@........'.......
#...'.##.####.........####...#
#####....# ##.......## #..##
##.†###.### ##.....## #.##
#.##.##.'.# ##...## #..##
#.###'###.# ##'## #...#
##.##...#)# #)# ##.##
#'#####.#.##### #.# #.#
#...#.†.#.#...###.## #.#


You could see an orc wizard.

Vanquished Creatures
  2 adders
  2 worms (D:2)
  3 dart slugs
  2 leopard geckos
  3 orcs (D:3)
  4 giant cockroaches
  4 goblins
  8 hobgoblins
  4 jackals (D:1)
  9 kobolds
  A quokka (D:2)
  7 bats
  5 frilled lizards
  8 rats
62 creatures vanquished.

Notes
Turn   | Place    | Note
-------+----------+-------------------------------------------
     0 | D:1      | Morgius the Demonspawn Wizard began the quest for the Orb.
     0 | D:1      | Reached XP level 1. HP: 13/13 MP: 4/4
   293 | D:1      | Gained mutation: You regenerate a little health from kills.
                  | [demonic ancestry]
   293 | D:1      | Reached XP level 2. HP: 19/19 MP: 1/6
  1209 | D:2      | Noticed an ogre
  1333 | D:2      | Gained mutation: You are slightly more attuned to the
                  | shadows. [demonic ancestry]
  1333 | D:2      | Reached XP level 3. HP: 24/24 MP: 5/7
  1338 | D:2      | Learned a level 3 spell: Conjure Flame
  1343 | D:2      | Learned a level 3 spell: Mephitic Cloud
  2708 | D:2      | Gained mutation: You have sharp toenails. [demonic
                  | ancestry]
  2708 | D:2      | Reached XP level 4. HP: 30/30 MP: 7/9
  3290 | D:2      | HP: 1/30 [orc wizard/+0 dagger (1)]
  3292 | D:2      | Killed from afar by an orc wizard

Skill      XL: |  1  2  3  4 |
---------------+-------------+-----
Stealth        | 2 |  2.0
Conjurations   | 2 3 |  3.2
Dodging        | |  1.9
Spellcasting   | |  3.8
Summonings     | |  1.0
Translocations | |  0.8

Action                   |  1- 3 |  4- 6 || total
-------------------------+-------+-------++-------
Melee: Unarmed           |    24 |       ||    24
       Short sword       |    13 |    23 ||    36
       Kick              |       |     4 ||     4
 Cast: Magic Dart        |   117 |    40 ||   157
  Use: Scroll            |       |     2 ||     2
 Stab: Sleeping          |       |     1 ||     1
  Eat: Chunk             |     6 |     1 ||     7
Armor: Robe              |     8 |     6 ||    14
       Leather armour    |    11 |       ||    11
Dodge: Dodged            |    49 |    23 ||    72
